WCHLSIM.com - West Coast Hockey League
html PUBLIC "-//W3C//DTD XHTML 1.0 Transitional//EN" "http://www.w3.org/TR/xhtml1/DTD/xhtml1-transitional.dtd"> WCHL - Game 476 - TEXAS TOROS vs WINNIPEG BEAVERS

TEXAS TOROS vs WINNIPEG BEAVERS

Created - 20 janvier 2021 at 23:38

Goals
1 2 3 T
TEXAS TOROS 0 1 0 1
WINNIPEG BEAVERS 1 5 1 7
Shots
1 2 3 T
TEXAS TOROS 6 9 6 21
WINNIPEG BEAVERS 6 10 21 37

1st period

1. WINNIPEG BEAVERS , David Krejci 7 (Ian Cole 3) at 1:23

Penalties :
Kris Russell (WIN) for Hooking (Minor) at 7:22, Valtteri Filppula (TEX) for Roughing (Minor) at 18:38

2nd period

2. WINNIPEG BEAVERS , Joe Pavelski 8 (Brad Marchand 24) at 2:09 (PP)
3. WINNIPEG BEAVERS , Mika Zibanejad 19 (Brad Marchand 25) at 3:38
4. WINNIPEG BEAVERS , Joel Armia 9 (Anthony DeAngelo 4) at 5:18
5. WINNIPEG BEAVERS , Brad Marchand 25 (Mika Zibanejad 21, Ian Cole 4) at 12:17
6. WINNIPEG BEAVERS , Mika Zibanejad 20 (Brad Marchand 26) at 12:37
7. TEXAS TOROS , Aaron Ekblad 3 (Valtteri Filppula 7) at 16:24

Penalties :
Dmitry Kulikov (TEX) for Interference (Minor) at 1:09, Brad Marchand (WIN) for Roughing (Minor) at 16:54

3rd period

8. WINNIPEG BEAVERS , Ondrej Palat 11 (David Krejci 16) at 8:37

Penalties :
Ian Cole (WIN) for Holding (Minor) at 6:54, Mats Zuccarello (TEX) for Hooking (Minor) at 6:54, Nick Cousins (TEX) for Charging (Minor) at 12:09

Goalie Stats

Cory Schneider (TEX), 25 saves from 28 shots - (0,893), 34:42 minutes
Mikko Koskinen (TEX), 5 saves from 9 shots - (0,556), L, 5-13-1, 25:18 minutes
Linus Ullmark (WIN), 20 saves from 21 shots - (0,952), W, 5-4-0, 60:00 minutes

Players Stats for TEXAS TOROS

Player Name              G  A  P  +/- PIM S  H  SB GA TA FO     MP     PP MP  PK MP  
------------------------------------------------------------------------------------
Aaron Ekblad             1  0  1  -3  0   3  0  1  0  0  0/0    24:50   2:03   1:50 
Barrett Hayton           0  0  0   0  0   0  3  0  0  0  7/23   15:53   0:00   0:59 
Braydon Coburn           0  0  0   0  0   0  0  0  0  0  0/0     0:16   0:16   0:00 
Brock McGinn             0  0  0  -1  0   1  0  0  0  0  0/5    20:30   1:29   3:24 
Conor Sheary             0  0  0  -4  0   2  0  0  0  0  1/2    17:47   1:12   1:21 
Dale Weise               0  0  0   0  0   0  2  0  0  0  0/0     6:26   1:07   0:00 
Dante Fabbro             0  0  0  -1  0   2  2  0  0  0  0/0    17:23   0:00   0:00 
Dmitry Kulikov           0  0  0  -2  2   0  1  3  0  0  0/0    21:58   1:39   2:20 
Jake Virtanen            0  0  0   0  0   2  0  0  0  0  0/0    19:15   1:39   1:18 
Madison Bowey            0  0  0  -2  0   0  2  2  0  0  0/0    19:44   0:00   3:03 
Mats Zuccarello          0  0  0  -4  2   1  0  0  0  0  0/1    17:16   1:55   1:18 
Morgan Klimchuk          0  0  0   0  0   0  0  0  0  0  0/1    14:09   0:00   0:00 
Nazem Kadri              0  0  0  -5  0   5  0  1  0  0  13/28  22:33   1:56   0:00 
Nick Cousins             0  0  0   0  2   1  5  0  0  0  0/0    14:42   0:34   0:00 
Sven Baertschi           0  0  0   0  0   0  0  0  0  0  0/1     5:19   0:00   0:00 
Tyson Barrie             0  0  0  -1  0   3  0  3  0  0  0/0    19:15   2:19   0:33 
Valtteri Filppula        0  1  1   0  2   1  1  1  0  0  13/21  19:10   2:02   1:36 
Vince Dunn               0  0  0  -1  0   0  0  0  0  0  0/0    16:33   1:39   2:10 

Players Stats for WINNIPEG BEAVERS

Player Name              G  A  P  +/- PIM S  H  SB GA TA FO     MP     PP MP  PK MP  
------------------------------------------------------------------------------------
Alexander Radulov        0  0  0   1  0   1  0  0  0  0  0/0     9:15   1:36   0:00 
Anthony DeAngelo         0  1  1   3  0   1  0  2  0  0  0/0    21:57   2:31   0:59 
Brad Marchand            1  3  4   3  2   11 0  2  0  0  0/0    22:47   2:02   0:00 
Brandon Tanev            0  0  0   3  0   1  0  0  0  0  1/1    16:37   0:40   0:00 
Carson Soucy             0  0  0   0  0   0  1  0  0  0  0/0    15:17   0:04   0:00 
Colin Wilson             0  0  0   0  0   0  0  0  0  0  0/1     6:03   0:00   0:00 
David Krejci             1  1  2   2  0   2  1  0  0  0  14/25  18:08   2:02   1:45 
Dylan DeMelo             0  0  0   0  0   2  3  0  0  0  0/0    20:27   2:27   2:08 
Ian Cole                 0  2  2   3  2   0  2  2  0  0  0/0    21:18   2:31   1:50 
Joe Pavelski             1  0  1   0  0   7  1  0  0  0  15/25  21:22   2:42   2:13 
Joel Armia               1  0  1   0  0   2  1  0  0  0  2/2    15:33   0:00   1:45 
Justin Braun             0  0  0   2  0   0  1  0  0  0  0/0    21:46   2:23   1:50 
Kris Russell             0  0  0   2  2   1  0  1  0  0  0/0    19:13   0:00   1:09 
Michael Raffl            0  0  0   0  0   0  0  0  0  0  0/0     6:03   0:00   0:00 
Mika Zibanejad           2  1  3   3  0   5  0  1  0  0  13/22  18:53   2:56   0:00 
Ondrej Palat             1  0  1   1  0   4  1  0  0  0  0/1    20:01   2:56   2:13 
Sean Kuraly              0  0  0   1  0   0  2  0  0  0  0/0    13:17   0:00   0:00 
Steven Lorentz           0  0  0   0  0   0  3  0  0  0  3/5     6:03   0:00   0:00 

3 Stars

1 - Mika Zibanejad (WIN)
2 - Brad Marchand (WIN)
3 - David Krejci (WIN)

Power Play

TEXAS TOROS - 0 on 2 Attempt(s) - 0,00%
WINNIPEG BEAVERS - 1 on 3 Attempt(s) - 33,33%

Penalty Kill

TEXAS TOROS - 2 on 3 Attempt(s) - 66,67% - Score 0 goal in Penalty Kill
WINNIPEG BEAVERS - 2 on 2 Attempt(s) - 100,00% - Score 0 goal in Penalty Kill

Team Stat

TEXAS TOROS - Hits : 16 - Faceoff Wins : 34 - Blocked Shots : 11 - Penalty Minutes : 8
WINNIPEG BEAVERS - Hits : 16 - Faceoff Wins : 48 - Blocked Shots : 8 - Penalty Minutes : 6

Official

Referees : Beaudry Halkidis and Ghislain Hebert
Linesman : Scott Driscoll and Jesse Marquis

Game Notes

Cory Schneider enters game at 5:18 of 2nd period
Alexander Radulov is injured at 11:09 of 2nd period (Left Hip)

Finance

Level 1 -- Attendance: 5449 (90,82%) -- Ticket Income 926 330 $
Level 2 -- Attendance: 3734 (74,68%) -- Ticket Income 578 770 $
Level 3 -- Attendance: 1869 (93,45%) -- Ticket Income 186 900 $
Level 4 -- Attendance: 2914 (72,85%) -- Ticket Income 262 260 $
Luxury Box -- Attendance: 713 (71,30%) -- Ticket Income 320 850 $
Total Attendance: 14679 (81,55%)
Total Ticket Income: 2 275 110 $
Other Expense: 22 751 $
Total Income: 2 252 359 $

TEXAS TOROS

5 vs 5 Forward 
   Center                   Left Wing                Right Wing               Time % Phy DF OF 
 1 Nazem Kadri              Conor Sheary             Mats Zuccarello          36     1   1  3  
 2 Valtteri Filppula        Brock McGinn             Jake Virtanen            31     1   2  2  
 3 Barrett Hayton           Morgan Klimchuk          Nick Cousins             23     1   2  2  
 4 Nazem Kadri              Sven Baertschi           Dale Weise               10     2   2  1  

5 vs 5 Defense 
   Defense                  Defense                                           Time % Phy DF OF 
 1 Aaron Ekblad             Madison Bowey                                     36     1   2  2  
 2 Dmitry Kulikov           Dante Fabbro                                      31     1   2  2  
 3 Vince Dunn               Tyson Barrie                                      23     1   2  2  
 4 Aaron Ekblad             Tyson Barrie                                      10     1   2  2  

PowerPlay Forward 
   Center                   Left Wing                Right Wing               Time % Phy DF OF 
 1 Nazem Kadri              Jake Virtanen            Mats Zuccarello          55     1   2  2  
 2 Valtteri Filppula        Brock McGinn             Conor Sheary             45     1   2  2  

PowerPlay Defense
   Defense                  Defense                                           Time % Phy DF OF 
 1 Aaron Ekblad             Tyson Barrie                                      55     1   2  2  
 2 Dmitry Kulikov           Vince Dunn                                        45     1   2  2  

Penalty Kill 4 Players Forward 
   Center                   Wing                     Time % Phy DF OF 
 1 Brock McGinn             Valtteri Filppula        55     1   2  2  
 2 Jake Virtanen            Mats Zuccarello          45     1   2  2  

Penalty Kill 4 Players Defense
   Defense                  Defense                  Time % Phy DF OF 
 1 Vince Dunn               Aaron Ekblad             55     1   2  2  
 2 Dmitry Kulikov           Madison Bowey            45     1   2  2  

Penalty Kill - 3 Players Forward 
   Forward                                           Time % Phy DF OF 
 1 Jake Virtanen                                     55     1   2  2  
 2 Valtteri Filppula                                 45     1   2  2  

Penalty Kill - 3 Players Defense
   Defense                  Defense                  Time % Phy DF OF 
 1 Vince Dunn               Aaron Ekblad             55     1   2  2  
 2 Dmitry Kulikov           Madison Bowey            45     1   2  2  

4 vs 4 Forward 
   Center                   Wing                     Time % Phy DF OF 
 1 Nazem Kadri              Conor Sheary             55     1   2  2  
 2 Barrett Hayton           Jake Virtanen            45     1   2  2  

4 vs 4 Defense
   Defense                  Defense                  Time % Phy DF OF 
 1 Aaron Ekblad             Tyson Barrie             55     1   2  2  
 2 Dmitry Kulikov           Vince Dunn               45     1   2  2  

Last Minutes Offensive
   Center                   Left Wing                Right Wing               Defense                  Defense                  
   Nazem Kadri              Valtteri Filppula        Jake Virtanen            Madison Bowey            Tyson Barrie             

Last Minutes Defensive
   Center                   Left Wing                Right Wing               Defense                  Defense                  
   Nazem Kadri              Valtteri Filppula        Jake Virtanen            Madison Bowey            Tyson Barrie             

Goaltenders
Starting : Mikko Koskinen           
Backup : Cory Schneider           

Extra Forwards
Normal : Brock McGinn, Dale Weise, Barrett Hayton - PP : Brock McGinn, Dale Weise - PK : Barrett Hayton
Extra Defensemen
Normal : Dmitry Kulikov, Vince Dunn, Tyson Barrie - PP : Tyson Barrie - PK : Vince Dunn, Tyson Barrie
Penalty Shots
Nazem Kadri, Valtteri Filppula, Jake Virtanen, Dale Weise, Nick Cousins
Custom OT Lines Forwards
Nazem Kadri, Valtteri Filppula, Jake Virtanen, Mats Zuccarello, Nick Cousins, Conor Sheary, Brock McGinn, Dale Weise, Barrett Hayton, Sven Baertschi
Custom OT Lines Defensemen
Aaron Ekblad, Tyson Barrie, Dmitry Kulikov, Vince Dunn, Dante Fabbro

Scratches
John Quenneville (Healthy), Ryan Poehling (Healthy), Taro Hirose (Groin Injury), Dylan Wells (Healthy)

WINNIPEG BEAVERS

5 vs 5 Forward 
   Center                   Left Wing                Right Wing               Time % Phy DF OF 
 1 Mika Zibanejad           Brad Marchand            Brandon Tanev            35     1   2  2  
 2 Joe Pavelski             Ondrej Palat             Joel Armia               30     0   3  2  
 3 David Krejci             Sean Kuraly              Alexander Radulov        30     0   3  2  
 4 Steven Lorentz           Colin Wilson             Michael Raffl            5      1   3  1  

5 vs 5 Defense 
   Defense                  Defense                                           Time % Phy DF OF 
 1 Ian Cole                 Anthony DeAngelo                                  34     1   2  2  
 2 Justin Braun             Kris Russell                                      33     0   3  2  
 3 Dylan DeMelo             Carson Soucy                                      25     1   3  1  
 4 Kris Russell             Dylan DeMelo                                      8      1   2  2  

PowerPlay Forward 
   Center                   Left Wing                Right Wing               Time % Phy DF OF 
 1 David Krejci             Brad Marchand            Joe Pavelski             52     0   0  5  
 2 Mika Zibanejad           Ondrej Palat             Alexander Radulov        48     0   0  5  

PowerPlay Defense
   Defense                  Defense                                           Time % Phy DF OF 
 1 Ian Cole                 Anthony DeAngelo                                  53     0   1  4  
 2 Justin Braun             Dylan DeMelo                                      47     0   1  4  

Penalty Kill 4 Players Forward 
   Center                   Wing                     Time % Phy DF OF 
 1 Joe Pavelski             Ondrej Palat             50     0   4  1  
 2 David Krejci             Joel Armia               50     0   4  1  

Penalty Kill 4 Players Defense
   Defense                  Defense                  Time % Phy DF OF 
 1 Ian Cole                 Justin Braun             52     1   4  0  
 2 Kris Russell             Dylan DeMelo             48     1   4  0  

Penalty Kill - 3 Players Forward 
   Forward                                           Time % Phy DF OF 
 1 Brad Marchand                                     50     0   5  0  
 2 David Krejci                                      50     0   5  0  

Penalty Kill - 3 Players Defense
   Defense                  Defense                  Time % Phy DF OF 
 1 Ian Cole                 Justin Braun             51     1   4  0  
 2 Kris Russell             Dylan DeMelo             49     1   4  0  

4 vs 4 Forward 
   Center                   Wing                     Time % Phy DF OF 
 1 Joe Pavelski             Brad Marchand            50     1   2  2  
 2 David Krejci             Ondrej Palat             50     1   2  2  

4 vs 4 Defense
   Defense                  Defense                  Time % Phy DF OF 
 1 Ian Cole                 Anthony DeAngelo         52     1   2  2  
 2 Kris Russell             Justin Braun             48     1   2  2  

Last Minutes Offensive
   Center                   Left Wing                Right Wing               Defense                  Defense                  
   Mika Zibanejad           Brad Marchand            Alexander Radulov        Ian Cole                 Anthony DeAngelo         

Last Minutes Defensive
   Center                   Left Wing                Right Wing               Defense                  Defense                  
   Mika Zibanejad           Brad Marchand            Joe Pavelski             Ian Cole                 Justin Braun             

Goaltenders
Starting : Linus Ullmark            
Backup : Sergei Bobrovsky         

Extra Forwards
Normal : David Krejci, Brad Marchand, Joe Pavelski - PP : Brad Marchand, Joe Pavelski - PK : Brandon Tanev
Extra Defensemen
Normal : Anthony DeAngelo, Ian Cole, Justin Braun - PP : Ian Cole - PK : Dylan DeMelo, Kris Russell
Penalty Shots
Brad Marchand, Joe Pavelski, Mika Zibanejad, David Krejci, Ondrej Palat
Custom OT Lines Forwards
Brad Marchand, Mika Zibanejad, Joe Pavelski, David Krejci, Alexander Radulov, Ondrej Palat, Joel Armia, Brandon Tanev, Sean Kuraly, Michael Raffl
Custom OT Lines Defensemen
Ian Cole, Anthony DeAngelo, Justin Braun, Kris Russell, Dylan DeMelo

Scratches
None


% Time on Ice - TEXAS TOROS

Lines # - Real PCT - Wanted PCT - Time Play
Normal Forward
1 - 29% - 36% - 14:04
2 - 32% - 31% - 15:33
3 - 29% - 23% - 14:09
4 - 11% - 10% - 5:19
Normal Defense
1 - 34% - 36% - 16:41
2 - 35% - 31% - 17:23
3 - 25% - 23% - 12:07
4 - 6% - 10% - 2:54
PP Forward
1 - 49% - 55% - 1:56
2 - 51% - 45% - 2:02
PP Defense
1 - 58% - 55% - 2:19
2 - 42% - 45% - 1:39
PK Forward
1 - 74% - 55% - 3:40
2 - 26% - 45% - 1:18
PK Defense
1 - 37% - 55% - 1:50
2 - 63% - 45% - 3:08
PK3 Forward
1 - 0% - 55%
2 - 0% - 45%
PK3 Defense
1 - 0% - 55%
2 - 0% - 45%
44 Forward
1 - 62% - 55% - 1:14
2 - 38% - 45% - 0:45
44 Defense
1 - 69% - 55% - 1:22
2 - 31% - 45% - 0:37
Last Minute Offensive  - 0:00
Last Minute Defensive  - 0:00
Total
Forward - 60:00
Defense - 60:00

% Time on Ice - WINNIPEG BEAVERS

Lines # - Real PCT - Wanted PCT - Time Play
Normal Forward
1 - 32% - 35% - 15:57
2 - 28% - 30% - 13:48
3 - 27% - 30% - 13:17
4 - 12% - 5% - 6:03
Normal Defense
1 - 35% - 34% - 16:58
2 - 33% - 33% - 16:15
3 - 30% - 25% - 14:32
4 - 3% - 8% - 1:20
PP Forward
1 - 41% - 52% - 2:02
2 - 59% - 48% - 2:56
PP Defense
1 - 51% - 53% - 2:31
2 - 49% - 47% - 2:27
PK Forward
1 - 56% - 50% - 2:13
2 - 44% - 50% - 1:45
PK Defense
1 - 46% - 52% - 1:50
2 - 54% - 48% - 2:08
PK3 Forward
1 - 0% - 50%
2 - 0% - 50%
PK3 Defense
1 - 0% - 51%
2 - 0% - 49%
44 Forward
1 - 46% - 50% - 0:55
2 - 54% - 50% - 1:04
44 Defense
1 - 83% - 52% - 1:39
2 - 17% - 48% - 0:20
Last Minute Offensive  - 0:00
Last Minute Defensive  - 0:00
Total
Forward - 60:00
Defense - 60:00

Play-by-Play

1st period


0:01 of 1st period - Mika Zibanejad wins face-off versus Nazem Kadri in neutral zone.
0:03 of 1st period - Off-side.
0:04 of 1st period - Joe Pavelski wins face-off versus Valtteri Filppula in neutral zone.
0:27 of 1st period - Icing by Justin Braun.
0:28 of 1st period - Barrett Hayton wins face-off versus Joe Pavelski in WINNIPEG BEAVERS zone.
1:23 of 1st period - Shot by David Krejci.
1:23 of 1st period - Goal by David Krejci - TEXAS TOROS : 0 - WINNIPEG BEAVERS : 1.
1:24 of 1st period - Nazem Kadri wins face-off versus Mika Zibanejad in neutral zone.
1:34 of 1st period - Madison Bowey is hit by Dylan DeMelo and loses puck.
2:25 of 1st period - Icing by Ian Cole.
2:26 of 1st period - David Krejci wins face-off versus Valtteri Filppula in WINNIPEG BEAVERS zone.
2:44 of 1st period - Shot by Valtteri Filppula.
2:44 of 1st period - Shot Misses the Net.
4:57 of 1st period - Off-side.
4:58 of 1st period - Nazem Kadri wins face-off versus Joe Pavelski in neutral zone.
5:17 of 1st period - Shot by Ondrej Palat.
5:17 of 1st period - Shot Misses the Net.
5:19 of 1st period - Shot by Joe Pavelski.
5:19 of 1st period - Shot Misses the Net.
6:02 of 1st period - Icing by Aaron Ekblad.
6:03 of 1st period - Mika Zibanejad wins face-off versus Nazem Kadri in TEXAS TOROS zone.
7:09 of 1st period - Shot by Valtteri Filppula.
7:09 of 1st period - Shot Misses the Net.
7:22 of 1st period - Minor Penalty to Kris Russell for Hooking.
7:23 of 1st period - Valtteri Filppula wins face-off versus Joe Pavelski in WINNIPEG BEAVERS zone.
7:35 of 1st period - Brock McGinn is hit by Justin Braun and loses puck.
7:38 of 1st period - Shot by Tyson Barrie.
7:38 of 1st period - Stopped by Linus Ullmark without a rebound.
7:39 of 1st period - Nazem Kadri wins face-off versus David Krejci in WINNIPEG BEAVERS zone.
8:46 of 1st period - Shot by Tyson Barrie.
8:46 of 1st period - Stopped by Linus Ullmark without a rebound.
8:47 of 1st period - Valtteri Filppula wins face-off versus David Krejci in WINNIPEG BEAVERS zone.
9:35 of 1st period - Shot by Mika Zibanejad.
9:35 of 1st period - Shot Misses the Net.
9:37 of 1st period - Shot by Mika Zibanejad.
9:37 of 1st period - Shot Misses the Net.
9:39 of 1st period - Shot by Brad Marchand.
9:39 of 1st period - Stopped by Mikko Koskinen with a rebound.
9:53 of 1st period - Shot by Brad Marchand.
9:53 of 1st period - Stopped by Mikko Koskinen without a rebound.
9:54 of 1st period - Nazem Kadri wins face-off versus David Krejci in TEXAS TOROS zone.
10:33 of 1st period - Aaron Ekblad is hit by Sean Kuraly and loses puck.
10:56 of 1st period - Shot by Ondrej Palat.
10:56 of 1st period - Stopped by Mikko Koskinen without a rebound.
10:57 of 1st period - Nazem Kadri wins face-off versus Mika Zibanejad in TEXAS TOROS zone.
11:03 of 1st period - Icing by Nazem Kadri.
11:04 of 1st period - Nazem Kadri wins face-off versus Joe Pavelski in TEXAS TOROS zone.
11:19 of 1st period - Shot by Nazem Kadri.
11:19 of 1st period - Stopped by Linus Ullmark without a rebound.
11:20 of 1st period - Barrett Hayton wins face-off versus Mika Zibanejad in WINNIPEG BEAVERS zone.
11:23 of 1st period - Shot by Nick Cousins.
11:23 of 1st period - Shot Misses the Net.
11:25 of 1st period - Shot by Nick Cousins.
11:25 of 1st period - Shot Misses the Net.
11:27 of 1st period - Shot by Aaron Ekblad.
11:27 of 1st period - Stopped by Linus Ullmark without a rebound.
11:28 of 1st period - Joel Armia wins face-off versus Valtteri Filppula in WINNIPEG BEAVERS zone.
11:42 of 1st period - Icing by Aaron Ekblad.
11:43 of 1st period - Mika Zibanejad wins face-off versus Valtteri Filppula in TEXAS TOROS zone.
12:11 of 1st period - Shot by Jake Virtanen.
12:11 of 1st period - Shot Blocked by Brad Marchand.
12:44 of 1st period - Shot by Conor Sheary.
12:44 of 1st period - Stopped by Linus Ullmark without a rebound.
12:45 of 1st period - Joe Pavelski wins face-off versus Barrett Hayton in WINNIPEG BEAVERS zone.
12:54 of 1st period - Shot by Nick Cousins.
12:54 of 1st period - Shot Misses the Net.
13:11 of 1st period - Shot by Nick Cousins.
13:11 of 1st period - Stopped by Linus Ullmark without a rebound.
13:12 of 1st period - David Krejci wins face-off versus Nazem Kadri in WINNIPEG BEAVERS zone.
13:22 of 1st period - Shot by Alexander Radulov.
13:22 of 1st period - Stopped by Mikko Koskinen with a rebound.
13:37 of 1st period - Alexander Radulov is hit by Dmitry Kulikov.
14:00 of 1st period - Icing by Dante Fabbro.
14:01 of 1st period - Joe Pavelski wins face-off versus Nazem Kadri in TEXAS TOROS zone.
14:05 of 1st period - Icing by Dante Fabbro.
14:06 of 1st period - Joe Pavelski wins face-off versus Nazem Kadri in TEXAS TOROS zone.
14:23 of 1st period - Shot by Joel Armia.
14:23 of 1st period - Stopped by Mikko Koskinen without a rebound.
14:24 of 1st period - Valtteri Filppula wins face-off versus Mika Zibanejad in TEXAS TOROS zone.
14:41 of 1st period - Shot by Jake Virtanen.
14:41 of 1st period - Deflect By Brock McGinn.
14:41 of 1st period - Shot Blocked by Mika Zibanejad.
15:26 of 1st period - Off-side.
15:27 of 1st period - Joe Pavelski wins face-off versus Nazem Kadri in neutral zone.
15:51 of 1st period - Shot by Joe Pavelski.
15:51 of 1st period - Shot Misses the Net.
17:10 of 1st period - Off-side.
17:11 of 1st period - Mika Zibanejad wins face-off versus Barrett Hayton in neutral zone.
17:37 of 1st period - Justin Braun is hit by Nick Cousins and loses puck.
18:37 of 1st period - Anthony DeAngelo is hit by Valtteri Filppula and loses puck.
18:38 of 1st period - Minor Penalty to Valtteri Filppula for Roughing.
18:39 of 1st period - David Krejci wins face-off versus Brock McGinn in TEXAS TOROS zone.
19:01 of 1st period - Shot by Dylan DeMelo.
19:01 of 1st period - Shot Blocked by Madison Bowey.
19:45 of 1st period - Shot by Alexander Radulov.
19:45 of 1st period - Shot Blocked by Dmitry Kulikov.
19:47 of 1st period - Shot by Mika Zibanejad.
19:47 of 1st period - Shot Misses the Net.
Goals for this period are 0 for TEXAS TOROS vs 1 for WINNIPEG BEAVERS.
Shots for this period are 6 for TEXAS TOROS vs 6 for WINNIPEG BEAVERS.

2nd period


0:01 of 2nd period - David Krejci wins face-off versus Brock McGinn in neutral zone.
0:04 of 2nd period - Aaron Ekblad is hit by David Krejci and loses puck.
0:53 of 2nd period - Shot by Michael Raffl.
0:53 of 2nd period - Deflect By Colin Wilson.
0:53 of 2nd period - Shot Misses the Net.
0:55 of 2nd period - Shot by Kris Russell.
0:55 of 2nd period - Shot Blocked by Nazem Kadri.
1:09 of 2nd period - Minor Penalty to Dmitry Kulikov for Interference.
1:10 of 2nd period - Mika Zibanejad wins face-off versus Brock McGinn in TEXAS TOROS zone.
1:18 of 2nd period - Ondrej Palat is hit by Madison Bowey and loses puck.
1:22 of 2nd period - Mika Zibanejad is hit by Madison Bowey and loses puck.
2:07 of 2nd period - Shot by Brad Marchand.
2:07 of 2nd period - Shot Blocked by Tyson Barrie.
2:09 of 2nd period - Shot by Joe Pavelski.
2:09 of 2nd period - Goal by Joe Pavelski - TEXAS TOROS : 0 - WINNIPEG BEAVERS : 2.
2:10 of 2nd period - Barrett Hayton wins face-off versus Colin Wilson in neutral zone.
2:17 of 2nd period - Shot by Nick Cousins.
2:17 of 2nd period - Shot Hit the Post.
2:37 of 2nd period - Dmitry Kulikov is hit by Steven Lorentz and loses puck.
2:48 of 2nd period - Nick Cousins is hit by Ian Cole.
2:51 of 2nd period - Icing by Ian Cole.
2:52 of 2nd period - Nazem Kadri wins face-off versus Steven Lorentz in WINNIPEG BEAVERS zone.
2:56 of 2nd period - Icing by Anthony DeAngelo.
2:57 of 2nd period - Conor Sheary wins face-off versus Steven Lorentz in WINNIPEG BEAVERS zone.
3:38 of 2nd period - Shot by Mika Zibanejad.
3:38 of 2nd period - Goal by Mika Zibanejad - TEXAS TOROS : 0 - WINNIPEG BEAVERS : 3.
3:39 of 2nd period - Valtteri Filppula wins face-off versus David Krejci in neutral zone.
4:49 of 2nd period - Icing by Tyson Barrie.
4:50 of 2nd period - Valtteri Filppula wins face-off versus Joe Pavelski in TEXAS TOROS zone.
5:05 of 2nd period - Icing by Ian Cole.
5:06 of 2nd period - Joe Pavelski wins face-off versus Nazem Kadri in WINNIPEG BEAVERS zone.
5:11 of 2nd period - Madison Bowey is hit by Joel Armia and loses puck.
5:16 of 2nd period - Shot by Anthony DeAngelo.
5:16 of 2nd period - Shot Blocked by Madison Bowey.
5:18 of 2nd period - Shot by Joel Armia.
5:18 of 2nd period - Goal by Joel Armia - TEXAS TOROS : 0 - WINNIPEG BEAVERS : 4.
5:18 of 2nd period - Cory Schneider enters game.
5:19 of 2nd period - Barrett Hayton wins face-off versus Mika Zibanejad in neutral zone.
5:26 of 2nd period - Shot by Nick Cousins.
5:26 of 2nd period - Shot Misses the Net.
5:28 of 2nd period - Shot by Barrett Hayton.
5:28 of 2nd period - Shot Misses the Net.
5:30 of 2nd period - Shot by Dmitry Kulikov.
5:30 of 2nd period - Shot Misses the Net.
5:32 of 2nd period - Shot by Barrett Hayton.
5:32 of 2nd period - Shot Misses the Net.
5:34 of 2nd period - Shot by Dante Fabbro.
5:34 of 2nd period - Stopped by Linus Ullmark without a rebound.
5:35 of 2nd period - David Krejci wins face-off versus Nazem Kadri in WINNIPEG BEAVERS zone.
6:04 of 2nd period - Mats Zuccarello is hit by Dylan DeMelo and loses puck.
6:15 of 2nd period - Shot by Mats Zuccarello.
6:15 of 2nd period - Deflect By Nazem Kadri.
6:15 of 2nd period - Stopped by Linus Ullmark without a rebound.
6:16 of 2nd period - Joe Pavelski wins face-off versus Barrett Hayton in WINNIPEG BEAVERS zone.
6:16 of 2nd period - Joe Pavelski is hit by Nick Cousins.
6:23 of 2nd period - Icing by Justin Braun.
6:24 of 2nd period - Barrett Hayton wins face-off versus Joe Pavelski in WINNIPEG BEAVERS zone.
7:00 of 2nd period - Shot by Ondrej Palat.
7:00 of 2nd period - Shot Misses the Net.
7:34 of 2nd period - Shot by Brad Marchand.
7:34 of 2nd period - Stopped by Cory Schneider without a rebound.
7:35 of 2nd period - David Krejci wins face-off versus Nazem Kadri in TEXAS TOROS zone.
8:06 of 2nd period - Shot by Alexander Radulov.
8:06 of 2nd period - Shot Misses the Net.
8:41 of 2nd period - Shot by Jake Virtanen.
8:41 of 2nd period - Shot Blocked by Brad Marchand.
8:43 of 2nd period - Shot by Vince Dunn.
8:43 of 2nd period - Shot Misses the Net.
8:45 of 2nd period - Shot by Jake Virtanen.
8:45 of 2nd period - Shot Blocked by Anthony DeAngelo.
8:47 of 2nd period - Shot by Valtteri Filppula.
8:47 of 2nd period - Stopped by Linus Ullmark without a rebound.
8:48 of 2nd period - Valtteri Filppula wins face-off versus Joe Pavelski in WINNIPEG BEAVERS zone.
8:49 of 2nd period - Shot by Jake Virtanen.
8:49 of 2nd period - Stopped by Linus Ullmark without a rebound.
8:50 of 2nd period - Joe Pavelski wins face-off versus Valtteri Filppula in WINNIPEG BEAVERS zone.
9:45 of 2nd period - Off-side.
9:46 of 2nd period - Mika Zibanejad wins face-off versus Nazem Kadri in neutral zone.
9:59 of 2nd period - Shot by Brad Marchand.
9:59 of 2nd period - Stopped by Cory Schneider with a rebound.
11:08 of 2nd period - Alexander Radulov is hit by Barrett Hayton and loses puck.
11:09 of 2nd period - Alexander Radulov from WINNIPEG BEAVERS is injured at 11:09 of 2nd period (Left Hip).
11:10 of 2nd period - Valtteri Filppula wins face-off versus Ondrej Palat in WINNIPEG BEAVERS zone.
11:17 of 2nd period - Shot by Jake Virtanen.
11:17 of 2nd period - Stopped by Linus Ullmark without a rebound.
11:18 of 2nd period - Valtteri Filppula wins face-off versus Joe Pavelski in WINNIPEG BEAVERS zone.
11:19 of 2nd period - Shot by Jake Virtanen.
11:19 of 2nd period - Shot Misses the Net.
11:22 of 2nd period - Icing by Kris Russell.
11:23 of 2nd period - Joe Pavelski wins face-off versus Valtteri Filppula in WINNIPEG BEAVERS zone.
12:01 of 2nd period - Shot by Joe Pavelski.
12:01 of 2nd period - Shot Blocked by Valtteri Filppula.
12:03 of 2nd period - Shot by Ondrej Palat.
12:03 of 2nd period - Shot Blocked by Dmitry Kulikov.
12:15 of 2nd period - Shot by Mika Zibanejad.
12:15 of 2nd period - Shot Misses the Net.
12:17 of 2nd period - Shot by Brad Marchand.
12:17 of 2nd period - Goal by Brad Marchand - TEXAS TOROS : 0 - WINNIPEG BEAVERS : 5.
12:18 of 2nd period - Nazem Kadri wins face-off versus Mika Zibanejad in neutral zone.
12:37 of 2nd period - Shot by Mika Zibanejad.
12:37 of 2nd period - Goal by Mika Zibanejad - TEXAS TOROS : 0 - WINNIPEG BEAVERS : 6.
12:38 of 2nd period - David Krejci wins face-off versus Barrett Hayton in neutral zone.
12:41 of 2nd period - Shot by Brad Marchand.
12:41 of 2nd period - Shot Misses the Net.
13:53 of 2nd period - Shot by Nazem Kadri.
13:53 of 2nd period - Shot Misses the Net.
14:03 of 2nd period - Shot by Nazem Kadri.
14:03 of 2nd period - Shot Blocked by Anthony DeAngelo.
14:11 of 2nd period - Shot by Nazem Kadri.
14:11 of 2nd period - Stopped by Linus Ullmark without a rebound.
14:12 of 2nd period - Steven Lorentz wins face-off versus Brock McGinn in WINNIPEG BEAVERS zone.
14:55 of 2nd period - Icing by Justin Braun.
14:56 of 2nd period - Steven Lorentz wins face-off versus Mats Zuccarello in WINNIPEG BEAVERS zone.
15:43 of 2nd period - Shot by Brad Marchand.
15:43 of 2nd period - Shot Misses the Net.
15:45 of 2nd period - Shot by Brandon Tanev.
15:45 of 2nd period - Stopped by Cory Schneider with a rebound.
15:47 of 2nd period - Shot by Mika Zibanejad.
15:47 of 2nd period - Shot Blocked by Tyson Barrie.
16:01 of 2nd period - Icing by Anthony DeAngelo.
16:02 of 2nd period - David Krejci wins face-off versus Barrett Hayton in WINNIPEG BEAVERS zone.
16:02 of 2nd period - David Krejci is hit by Barrett Hayton.
16:10 of 2nd period - Shot by Joe Pavelski.
16:10 of 2nd period - Stopped by Cory Schneider without a rebound.
16:11 of 2nd period - Joe Pavelski wins face-off versus Valtteri Filppula in TEXAS TOROS zone.
16:22 of 2nd period - Shot by Valtteri Filppula.
16:22 of 2nd period - Shot Blocked by Ian Cole.
16:24 of 2nd period - Shot by Aaron Ekblad.
16:24 of 2nd period - Goal by Aaron Ekblad - TEXAS TOROS : 1 - WINNIPEG BEAVERS : 6.
16:25 of 2nd period - David Krejci wins face-off versus Barrett Hayton in neutral zone.
16:32 of 2nd period - Shot by David Krejci.
16:32 of 2nd period - Shot Misses the Net.
16:34 of 2nd period - Shot by Kris Russell.
16:34 of 2nd period - Stopped by Cory Schneider without a rebound.
16:35 of 2nd period - Valtteri Filppula wins face-off versus Mika Zibanejad in TEXAS TOROS zone.
16:54 of 2nd period - Minor Penalty to Brad Marchand for Roughing.
16:55 of 2nd period - Nazem Kadri wins face-off versus David Krejci in WINNIPEG BEAVERS zone.
18:04 of 2nd period - Shot by Joel Armia.
18:04 of 2nd period - Shot Misses the Net.
18:36 of 2nd period - Shot by Nazem Kadri.
18:36 of 2nd period - Stopped by Linus Ullmark without a rebound.
18:37 of 2nd period - Joe Pavelski wins face-off versus Nazem Kadri in WINNIPEG BEAVERS zone.
18:48 of 2nd period - Joe Pavelski is hit by Dale Weise and loses puck.
19:44 of 2nd period - Off-side.
19:45 of 2nd period - Valtteri Filppula wins face-off versus David Krejci in neutral zone.
19:54 of 2nd period - Shot by Tyson Barrie.
19:54 of 2nd period - Shot Misses the Net.
19:56 of 2nd period - Shot by Tyson Barrie.
19:56 of 2nd period - Stopped by Linus Ullmark with a rebound.
Goals for this period are 1 for TEXAS TOROS vs 5 for WINNIPEG BEAVERS.
Shots for this period are 9 for TEXAS TOROS vs 10 for WINNIPEG BEAVERS.

3rd period


0:01 of 3rd period - Brandon Tanev wins face-off versus Conor Sheary in neutral zone.
1:02 of 3rd period - Shot by Jake Virtanen.
1:02 of 3rd period - Shot Misses the Net.
1:04 of 3rd period - Shot by Dmitry Kulikov.
1:04 of 3rd period - Shot Misses the Net.
1:06 of 3rd period - Shot by Dante Fabbro.
1:06 of 3rd period - Shot Blocked by Kris Russell.
1:08 of 3rd period - Shot by Dante Fabbro.
1:08 of 3rd period - Stopped by Linus Ullmark without a rebound.
1:09 of 3rd period - David Krejci wins face-off versus Barrett Hayton in WINNIPEG BEAVERS zone.
1:16 of 3rd period - Shot by David Krejci.
1:16 of 3rd period - Stopped by Cory Schneider without a rebound.
1:17 of 3rd period - Barrett Hayton wins face-off versus David Krejci in TEXAS TOROS zone.
1:50 of 3rd period - Anthony DeAngelo is hit by Barrett Hayton and loses puck.
2:23 of 3rd period - Shot by Michael Raffl.
2:23 of 3rd period - Shot Blocked by Aaron Ekblad.
3:03 of 3rd period - Shot by Brad Marchand.
3:03 of 3rd period - Shot Misses the Net.
4:05 of 3rd period - Icing by Aaron Ekblad.
4:06 of 3rd period - Valtteri Filppula wins face-off versus David Krejci in TEXAS TOROS zone.
4:44 of 3rd period - Shot by Mats Zuccarello.
4:44 of 3rd period - Stopped by Linus Ullmark without a rebound.
4:45 of 3rd period - Joe Pavelski wins face-off versus Barrett Hayton in WINNIPEG BEAVERS zone.
4:45 of 3rd period - Joe Pavelski is hit by Nick Cousins.
5:02 of 3rd period - Joe Pavelski is hit by Nick Cousins.
5:07 of 3rd period - Icing by Joel Armia.
5:08 of 3rd period - Joel Armia wins face-off versus Sven Baertschi in WINNIPEG BEAVERS zone.
5:08 of 3rd period - Joel Armia is hit by Dale Weise.
5:19 of 3rd period - Joe Pavelski is hit by Dante Fabbro and loses puck.
5:32 of 3rd period - Shot by Joe Pavelski.
5:32 of 3rd period - Shot Misses the Net.
5:50 of 3rd period - Shot by Anthony DeAngelo.
5:50 of 3rd period - Stopped by Cory Schneider without a rebound.
5:51 of 3rd period - Mika Zibanejad wins face-off versus Barrett Hayton in TEXAS TOROS zone.
5:54 of 3rd period - Shot by Mika Zibanejad.
5:54 of 3rd period - Shot Misses the Net.
6:54 of 3rd period - Minor Penalty to Ian Cole for Holding.
6:54 of 3rd period - Minor Penalty to Mats Zuccarello for Hooking.
6:55 of 3rd period - Nazem Kadri wins face-off versus David Krejci in WINNIPEG BEAVERS zone.
6:58 of 3rd period - Shot by Nazem Kadri.
6:58 of 3rd period - Deflect By Conor Sheary.
6:58 of 3rd period - Stopped by Linus Ullmark without a rebound.
6:59 of 3rd period - Nazem Kadri wins face-off versus David Krejci in WINNIPEG BEAVERS zone.
8:00 of 3rd period - Shot by Brad Marchand.
8:00 of 3rd period - Stopped by Cory Schneider with a rebound.
8:02 of 3rd period - Shot by Joe Pavelski.
8:02 of 3rd period - Stopped by Cory Schneider without a rebound.
8:03 of 3rd period - Joe Pavelski wins face-off versus Barrett Hayton in TEXAS TOROS zone.
8:08 of 3rd period - Shot by Brad Marchand.
8:08 of 3rd period - Shot Misses the Net.
8:10 of 3rd period - Shot by Brad Marchand.
8:10 of 3rd period - Stopped by Cory Schneider with a rebound.
8:33 of 3rd period - Shot by Brad Marchand.
8:33 of 3rd period - Stopped by Cory Schneider without a rebound.
8:34 of 3rd period - David Krejci wins face-off versus Nazem Kadri in TEXAS TOROS zone.
8:37 of 3rd period - Shot by Ondrej Palat.
8:37 of 3rd period - Goal by Ondrej Palat - TEXAS TOROS : 1 - WINNIPEG BEAVERS : 7.
8:38 of 3rd period - Joe Pavelski wins face-off versus Barrett Hayton in neutral zone.
8:51 of 3rd period - Shot by Joe Pavelski.
8:51 of 3rd period - Stopped by Cory Schneider without a rebound.
8:52 of 3rd period - David Krejci wins face-off versus Nazem Kadri in TEXAS TOROS zone.
9:05 of 3rd period - Shot by Brad Marchand.
9:05 of 3rd period - Stopped by Cory Schneider with a rebound.
9:07 of 3rd period - Shot by Brad Marchand.
9:07 of 3rd period - Shot Blocked by Dmitry Kulikov.
9:09 of 3rd period - Shot by Dylan DeMelo.
9:09 of 3rd period - Stopped by Cory Schneider without a rebound.
9:10 of 3rd period - Joe Pavelski wins face-off versus Nazem Kadri in TEXAS TOROS zone.
9:17 of 3rd period - Shot by Joel Armia.
9:17 of 3rd period - Shot Misses the Net.
9:19 of 3rd period - Shot by Dylan DeMelo.
9:19 of 3rd period - Stopped by Cory Schneider without a rebound.
9:20 of 3rd period - Mika Zibanejad wins face-off versus Barrett Hayton in TEXAS TOROS zone.
9:34 of 3rd period - Icing by Brad Marchand.
9:35 of 3rd period - Nazem Kadri wins face-off versus Mika Zibanejad in WINNIPEG BEAVERS zone.
9:35 of 3rd period - Conor Sheary is hit by Ian Cole and loses puck.
10:02 of 3rd period - Shot by Mats Zuccarello.
10:02 of 3rd period - Shot Blocked by Ian Cole.
10:08 of 3rd period - Shot by Mats Zuccarello.
10:08 of 3rd period - Shot Misses the Net.
10:57 of 3rd period - Shot by Joe Pavelski.
10:57 of 3rd period - Shot Misses the Net.
11:02 of 3rd period - Icing by Madison Bowey.
11:03 of 3rd period - David Krejci wins face-off versus Valtteri Filppula in TEXAS TOROS zone.
12:09 of 3rd period - Minor Penalty to Nick Cousins for Charging.
12:10 of 3rd period - Mika Zibanejad wins face-off versus Brock McGinn in TEXAS TOROS zone.
12:37 of 3rd period - Mats Zuccarello is hit by Joe Pavelski.
13:47 of 3rd period - Shot by Mika Zibanejad.
13:47 of 3rd period - Stopped by Cory Schneider without a rebound.
13:48 of 3rd period - Mika Zibanejad wins face-off versus Barrett Hayton in TEXAS TOROS zone.
15:07 of 3rd period - Shot by Brad Marchand.
15:07 of 3rd period - Stopped by Cory Schneider without a rebound.
15:08 of 3rd period - Mika Zibanejad wins face-off versus Morgan Klimchuk in TEXAS TOROS zone.
15:23 of 3rd period - Shot by Mika Zibanejad.
15:23 of 3rd period - Stopped by Cory Schneider without a rebound.
15:24 of 3rd period - Valtteri Filppula wins face-off versus David Krejci in TEXAS TOROS zone.
15:24 of 3rd period - Valtteri Filppula is hit by Sean Kuraly.
15:55 of 3rd period - Valtteri Filppula is hit by Carson Soucy and loses puck.
15:58 of 3rd period - Shot by Valtteri Filppula.
15:58 of 3rd period - Shot Misses the Net.
16:00 of 3rd period - Shot by Brock McGinn.
16:00 of 3rd period - Stopped by Linus Ullmark without a rebound.
16:01 of 3rd period - Nazem Kadri wins face-off versus Joe Pavelski in WINNIPEG BEAVERS zone.
16:12 of 3rd period - Shot by Joe Pavelski.
16:12 of 3rd period - Stopped by Cory Schneider with a rebound.
16:14 of 3rd period - Shot by Joe Pavelski.
16:14 of 3rd period - Deflect By Ondrej Palat.
16:14 of 3rd period - Shot Misses the Net.
16:24 of 3rd period - Shot by Ondrej Palat.
16:24 of 3rd period - Stopped by Cory Schneider with a rebound.
16:26 of 3rd period - Shot by Joel Armia.
16:26 of 3rd period - Shot Blocked by Tyson Barrie.
16:28 of 3rd period - Shot by Ondrej Palat.
16:28 of 3rd period - Stopped by Cory Schneider with a rebound.
16:30 of 3rd period - Shot by Joe Pavelski.
16:30 of 3rd period - Stopped by Cory Schneider with a rebound.
16:32 of 3rd period - Shot by Joe Pavelski.
16:32 of 3rd period - Stopped by Cory Schneider without a rebound.
16:33 of 3rd period - Steven Lorentz wins face-off versus Barrett Hayton in TEXAS TOROS zone.
16:33 of 3rd period - Steven Lorentz is hit by Dante Fabbro.
16:59 of 3rd period - Nick Cousins is hit by Steven Lorentz and loses puck.
17:08 of 3rd period - Justin Braun is hit by Nick Cousins and loses puck.
17:23 of 3rd period - Dante Fabbro is hit by Steven Lorentz and loses puck.
17:37 of 3rd period - Icing by Nick Cousins.
17:38 of 3rd period - Barrett Hayton wins face-off versus Mika Zibanejad in TEXAS TOROS zone.
17:56 of 3rd period - Shot by Brad Marchand.
17:56 of 3rd period - Stopped by Cory Schneider without a rebound.
17:57 of 3rd period - Valtteri Filppula wins face-off versus Joe Pavelski in TEXAS TOROS zone.
17:57 of 3rd period - Valtteri Filppula is hit by Ondrej Palat.
18:30 of 3rd period - Shot by Jake Virtanen.
18:30 of 3rd period - Shot Hit the Post.
18:59 of 3rd period - Conor Sheary is hit by Dylan DeMelo and loses puck.
19:06 of 3rd period - Shot by Nazem Kadri.
19:06 of 3rd period - Stopped by Linus Ullmark with a rebound.
19:08 of 3rd period - Shot by Aaron Ekblad.
19:08 of 3rd period - Shot Misses the Net.
19:14 of 3rd period - Shot by Mats Zuccarello.
19:14 of 3rd period - Shot Misses the Net.
19:18 of 3rd period - Shot by Mats Zuccarello.
19:18 of 3rd period - Shot Misses the Net.
19:20 of 3rd period - Shot by Aaron Ekblad.
19:20 of 3rd period - Stopped by Linus Ullmark without a rebound.
19:21 of 3rd period - Mika Zibanejad wins face-off versus Nazem Kadri in WINNIPEG BEAVERS zone.
19:28 of 3rd period - Shot by Brad Marchand.
19:28 of 3rd period - Shot Misses the Net.
19:30 of 3rd period - Shot by Mika Zibanejad.
19:30 of 3rd period - Stopped by Cory Schneider without a rebound.
19:31 of 3rd period - David Krejci wins face-off versus Barrett Hayton in TEXAS TOROS zone.
19:35 of 3rd period - Icing by Vince Dunn.
19:36 of 3rd period - Mika Zibanejad wins face-off versus Barrett Hayton in TEXAS TOROS zone.
Goals for this period are 0 for TEXAS TOROS vs 1 for WINNIPEG BEAVERS.
Shots for this period are 6 for TEXAS TOROS vs 21 for WINNIPEG BEAVERS.


SEBASTIAN
AHO
MARK
SCHEIFELE
JAKE
OETTINGER

EAST COAST

HOCKEY LEAGUE

  • 17.QUE3CHI2
  • 18.CHA2LIM4
  • 19.TRV3LON2
  • 20.CHW1BAL2
  • 21.PITMAN
  • 22.ATLNHW
  • 23.WORPET
  • 24.RHI